 Dungeon Crawl Stone Soup version 0.28.0 (webtiles) character file.

Game seed: 2227215109039582678

78 funkygono the Shield-Bearer (level 4, 0/29 HPs)
             Began as a Gargoyle Fighter on Feb 14, 2022.
             Slain by Robin (5 damage)
             ... on level 2 of the Dungeon.
             The game lasted 00:02:59 (1762 turns).

funkygono the Shield-Bearer (Gargoyle Fighter)      Turns: 1762, Time: 00:03:00

Health: 0/29       AC: 10    Str: 22    XL:     4   Next: 36%
Magic:  4/4        EV: 13    Int:  8    God:
Gold:   114        SH:  4    Dex:  9    Spells: 3/3 levels left

rFire   . . .      SeeInvis .   a - +0 flail
rCold   . . .      Faith    .   c - +0 buckler
rNeg    + . .      Spirit   .   b - +0 scale mail
rPois   ∞          Reflect  .   (no helmet)
rElec   +          Harm     .   (no cloak)
rCorr   .          Rampage  .   (no gloves)
Will    .....                   (no boots)
Stlth   ..........              (no amulet)
HPRegen 0.09/turn               i - +4 ring of evasion
MPRegen 0.09/turn               (no ring)

@: no status effects
A: sickness immunity, AC +3, negative energy resistance 1, electricity
resistance, torment resistance 1, petrification resistance
a: no special abilities


You were on level 2 of the Dungeon.
You visited 1 branch of the dungeon, and saw 2 of its levels.

You collected 114 gold pieces.

Inventory:

Hand Weapons
 a - a +0 flail (weapon)
Missiles
 f - 47 stones
 j - a boomerang (quivered)
Armour
 b - a +0 scale mail (worn)
 c - a +0 buckler (worn)
Jewellery
 i - a +4 ring of evasion (left hand)
Scrolls
 k - a scroll of identify {unknown}
 l - a scroll of teleportation {unknown}
Potions
 d - a potion of might
 e - a potion of mutation {unknown}
 g - a potion of invisibility {unknown}
 h - a potion of brilliance {unknown}


   Skills:
 * Level 3.7 Fighting
 * Level 2.6 Maces & Flails
 + Level 0.3 Throwing
 * Level 3.8 Armour
 * Level 0.8 Dodging
 * Level 3.9 Shields


You had 3 spell levels left.
You didn't know any spells.
Your spell library contained the following spells:

 Spells                   Type           Power      Damage    Failure   Level
 Static Discharge         Conj/Air       0%         N/A       91%         2
 Lightning Bolt           Conj/Air       0%         1d11      100%        5
 Maxwell's Capacitive Co  Air            0%         ∞         100%        8


Dungeon Overview and Level Annotations

Branches:
Dungeon (2/15)

Altars:

Shops:
D:1 *   D:2 *

Annotations:
D:2 Robin


Innate Abilities, Weirdness & Mutations

You are immune to sickness and miasma.
Your stone body is resilient. (AC +3)
You are immune to poison.
You resist negative energy. (rN+)
You are resistant to electric shocks. (rElec)
You are resistant to unholy torment.
You are immune to petrification.


Message History

* * * LOW HITPOINT WARNING * * *
The goblin completely misses you. The goblin misses you.
The goblin hits you but does no damage.
There is an open door here.
You see here a +1 vorpal hand axe.
The goblin no longer looks unusually strong.
The goblin no longer looks unusually strong.
Robin roars a battlecry!
The goblins go into a battle-frenzy!
The goblin no longer looks unusually strong.
Robin roars a battlecry!
The goblin goes into a battle-frenzy!
You barely miss the goblin. The goblin hits you but does no damage.
You closely miss the goblin. The goblin barely misses you.
The goblin closely misses you.
You closely miss the goblin. The goblin barely misses you.
You sock the goblin!
You kill the goblin!
Robin throws the goblin at you! The goblin hits you but does no damage.
The goblin unwields a +0 hunting sling.
The goblin wields a +0 dagger.
The goblin closely misses you.
You hit the goblin.
The goblin is moderately wounded.
Robin says, "Kneel, worm!"
The goblin hits you but does no damage. The goblin closely misses you.
You closely miss the goblin. The goblin closely misses you.
The goblin barely misses you.
You barely miss the goblin. The goblin completely misses you.
The goblin hits you with a +0 dagger.
* * * LOW HITPOINT WARNING * * *
Robin throws the goblin at you! The goblin barely misses you.
You sock the goblin!
You kill the goblin!
The goblin barely misses you.
The goblin no longer looks unusually strong.
The goblin completely misses you.
There is a stone staircase leading up here.
Items here: ( )) †.
Robin hits you with a +0 mace.
You die...

#.# ..... #.# ). #.##
###..### #......##
#.#.....## #)###....##
#g####....##
#@g..)..÷..##
########....###
###.#..#### #........
###.##### #......
########## #.##.##
####
#........#######.#...#
...#
#.######..............


You could see Robin and a goblin.

Vanquished Creatures
  4 gnolls
  An adder (D:2)
  An endoplasm (D:1)
  A giant cockroach (D:2)
  A hobgoblin (D:2)
  3 kobolds
  A quokka (D:1)
  4 ball pythons
  2 bats (D:2)
  A frilled lizard (D:2)
  10 goblins
  A quokka skeleton (D:2)
30 creatures vanquished.

Notes
Turn   | Place    | Note
-------+----------+-------------------------------------------
     0 | D:1      | funkygono the Gargoyle Fighter began the quest for the Orb.
     0 | D:1      | Reached XP level 1. HP: 14/14 MP: 1/1
   171 | D:1      | Found Fost's Assorted Antiques.
   255 | D:1      | Found a faded altar of an unknown god.
   600 | D:1      | Reached XP level 2. HP: 12/19 MP: 2/2
   966 | D:2      | Found Hufuv's General Store.
  1049 | D:2      | Found Lissung's Book Emporium.
  1356 | D:2      | Reached XP level 3. HP: 14/23 MP: 3/3
  1636 | D:2      | Reached XP level 4. HP: 17/29 MP: 4/4
  1694 | D:2      | Noticed Robin
  1762 | D:2      | Slain by Robin

Illustrated notes

Levels and vault maps discovered:
D:1:      lightli_arrival_statue_moat, layout_loops_ring, serial_shops,
          nicolae_shop_overgrown_old_shop,
          hellmonk_ecumenical_altar_inner_sanctum
D:2:      layout_loops_corners, serial_shops, shop, shop, shop_statue,
          shop_coins, nicolae_shop_window_shopping, nrook_mini_backslash,
          uniq_robin

Action                   |  1- 3 |  4- 6 || total
-------------------------+-------+-------++-------
Melee: Flail             |    81 |    34 ||   115
Throw: Boomerang         |    14 |     2 ||    16
Armor: Scale mail        |    34 |    22 ||    56
Dodge: Dodged            |    73 |    37 ||   110
Block: Buckler           |    23 |     7 ||    30
